 Dungeon Crawl Stone Soup version 0.28-a0-984-g3775c662fe (webtiles) character file.

Game seed: 13597163125366368916

565 tilp the Chiller (level 7, 30/30 HPs)
             Began as a Felid Ice Elementalist on Dec 3, 2021.
             Quit the game on level 6 of the Dungeon.
             The game lasted 00:12:38 (8142 turns).

tilp the Chiller (Felid Ice Elementalist)           Turns: 8142, Time: 00:12:38

Health: 30/30      AC:  2    Str:  4    XL:     7   Next: 10%
Magic:  14/14      EV: 18    Int: 18    God:
Gold:   915        SH:  0    Dex: 17    Spells: 1/14 levels left
                                        Lives:  0   Deaths: 2

rFire   . . .      SeeInvis +     - Unarmed
rCold   . . .      Faith    .   (shield unavailable)
rNeg    . . .      Spirit   .   (armour unavailable)
rPois   .          Reflect  .   (helmet unavailable)
rElec   .          Harm     .   (cloak unavailable)
rCorr   .          Rampage  .   (gloves unavailable)
Will    +....                   (boots unavailable)
Stlth   +++.......              (no amulet)
HPRegen 0.10/turn               (no ring)
MPRegen 0.14/turn               (no ring)

@: quick
A: very small, claws 1, fangs 3, see invisible, speed 1, shaggy fur 2, stealthy
paws, no weapons or thrown items, no armour, multi-lived, antennae 1
a: no special abilities


You were on level 6 of the Dungeon.
You visited 1 branch of the dungeon, and saw 7 of its levels.

You collected 1036 gold pieces.
You spent 121 gold pieces at shops.

Inventory:

Jewellery
 b - a ring of fire
 h - an amulet of guardian spirit
Scrolls
 f - a scroll of fog
 g - a scroll of blinking {unknown}
 i - 2 scrolls of teleportation
Potions
 a - a potion of berserk rage
 d - a potion of might
 e - a potion of lignification {unknown}
 j - a potion of brilliance
 m - 3 potions of heal wounds


   Skills:
 - Level 2.0 Fighting
 - Level 4.0 Dodging
 - Level 6.0 Stealth
 - Level 4.0 Unarmed Combat
 - Level 4.0 Spellcasting
 + Level 3.4 Conjurations
 - Level 2.0 Hexes
 + Level 7.2 Ice Magic
 - Level 4.0 Evocations


You had one spell level left.
You knew the following spells:

 Your Spells              Type           Power      Damage    Failure   Level
a - Freeze                Ice            100%       1d11      1%          1
b - Frozen Ramparts       Ice            58%        1d7       2%          3
c - Ozocubu's Armour      Ice            29%        N/A       2%          3
d - Ensorcelled Hibernat  Hex/Ice        40%        N/A       3%          2
e - Hailstorm             Conj/Ice       22%        3d7       17%         4

Your spell library contained the following spells:

 Spells                   Type           Power      Damage    Failure   Level
 Magic Dart               Conj           64%        1d6       3%          1
 Searing Ray              Conj           32%        2d5       5%          2
 Blink                    Tloc           6%         N/A       22%         2
 Sublimation of Blood     Necr           3%         N/A       22%         2
 Wereblood                Tmut           3%         N/A       22%         2
 Lesser Beckoning         Tloc           3%         N/A       41%         3
 Spider Form              Tmut/Pois      3%         N/A       41%         3
 Fulminant Prism          Conj/Hex       6%         3d7       43%         4
 Manifold Assault         Tloc           3%         N/A       99%         5
 Summon Hydra             Summ           1%         N/A       100%        7


Dungeon Overview and Level Annotations

Branches:
Dungeon (7/15)             Temple (0/1) D:7

Altars:
Dithmenos

Shops:
D:2 *   D:4 (

Annotations:
D:4 2 transporters, qborf's ghost, novice MiGl


Innate Abilities, Weirdness & Mutations

You have sharp claws.
You have razor-sharp teeth.
You have supernaturally acute eyesight. (SInv)
You cover ground quickly. (Speed+)
You are covered in thick fur. (AC +2)
Your paws help you pounce on unaware monsters.
You are incapable of wielding weapons or throwing items.
You cannot wear armour.
You gain extra lives every three experience levels.
You have a pair of small antennae on your head.


Message History

The wyvern zombie is almost destroyed.
The wyvern zombie misses you. The wyvern zombie bites you!
* * * LOW HITPOINT WARNING * * *
You barely miss the wyvern zombie.
The wyvern zombie is almost destroyed.
The wyvern zombie barely misses you.
You scratch the wyvern zombie.
The wyvern zombie is almost destroyed.
The wyvern zombie bites you.
* * * LOW HITPOINT WARNING * * *
You scratch the wyvern zombie but do no damage.
The wyvern zombie is almost destroyed.
The wyvern zombie barely misses you.
You scratch the wyvern zombie but do no damage.
You bite the wyvern zombie, but do no damage.
The wyvern zombie is almost destroyed.
The wyvern zombie bites you.
You die...
You are now level 7!
You rejoin the land of the living...
Found two stone staircases leading down.
Unknown command.
Unknown command.
Unknown command.
Unknown command.
Sorry, you're not good enough to have a special ability.
Drop what? 11/52 slots (_ for help) (? for menu, Esc to quit)
Okay, then.
Unknown command.
Really quaff the potion of mutation?
You feel extremely strange.
You feel clever. x2; You feel resistant to heat.
You feel resistant to cold.
Really quaff the potion of mutation?
Uppercase [Y]es or [N]o only, please.
Really quaff the potion of mutation?
You feel extremely strange.
You no longer feel heat resistant.
You no longer feel cold resistant.
You feel stupid. x2; A pair of antennae grows on your head!
Unknown command.
Are you sure you want to abandon this character and quit the game? (Confirm with "yes".)

######.#.......#.:...#
#.#
.................##..#
#.#
#######..##########..#
#.# ..... ...# #.#
.##### ##.## #.# .# #.
#.# .. .. .#
###########
#..@..>....
....>.######### #####


There were no monsters in sight!

Vanquished Creatures
  Pikel (D:6)
  Edmund (D:6)
  A black bear (D:6)
  2 centaurs (D:5)
  A phantom (D:6)
  Blork the orc (D:6)
  2 kobold brigands
  2 scorpions
  A wyvern skeleton (D:6)
  2 water moccasin skeletons (D:5)
  A bullfrog zombie (D:6)
  4 hounds
  A centaur skeleton (D:7)
  3 orc priests (D:5)
  A jelly (D:5)
  An iguana (D:4)
  3 orc wizards (D:5)
  A howler monkey zombie (D:5)
  4 gnolls (D:4)
  3 adders
  A shadow imp (D:5)
  5 worms (D:2)
  6 dart slugs
  10 orcs
  6 ball pythons
  3 endoplasms
  6 giant cockroaches
  11 goblins
  8 hobgoblins
  2 jackals (D:2)
  4 quokkas
  5 bats
  2 frilled lizards (D:1)
  17 kobolds
  10 rats
132 creatures vanquished.

Notes
Turn   | Place    | Note
-------+----------+-------------------------------------------
     0 | D:1      | tilp the Felid Ice Elementalist began the quest for the
                  | Orb.
     0 | D:1      | Reached XP level 1. HP: 7/7 MP: 4/4
   177 | D:1      | Reached skill level 1 in Unarmed Combat
   199 | D:1      | Reached XP level 2. HP: 11/11 MP: 4/6
  1044 | D:1      | Found a faded altar of an unknown god.
  1071 | D:1      | Reached XP level 3. HP: 12/14 MP: 2/7
  1075 | D:1      | Learned a level 3 spell: Frozen Ramparts
  1143 | D:1      | Reached skill level 4 in Ice Magic
  2043 | D:2      | Found Omoda Kuo's General Store.
  2046 | D:2      | Bought a scroll of teleportation for 33 gold pieces
  2075 | D:2      | Reached XP level 4. HP: 16/18 MP: 6/8
  2375 | D:2      | Learned a level 3 spell: Ozocubu's Armour
  2651 | D:3      | Found a shadowy altar of Dithmenos.
  3160 | D:2      | Bought a potion of might for 44 gold pieces
  3223 | D:4      | Reached XP level 5. HP: 16/21 MP: 5/10
  3226 | D:4      | Learned a level 2 spell: Ensorcelled Hibernation
  3357 | D:4      | Reached skill level 5 in Ice Magic
  3694 | D:3      | Identified a scroll of acquirement
  3694 | D:3      | Acquired 818 gold pieces
  3724 | D:2      | Bought a scroll of identify for 22 gold pieces
  3724 | D:2      | Bought a scroll of identify for 22 gold pieces
  4010 | D:4      | Noticed a centaur
  4012 | D:4      | Found a transporter.
  4012 | D:4      | You fall into a shaft and drop 3 floors!
  4225 | D:6      | Noticed a black bear
  4228 | D:6      | Reached skill level 6 in Ice Magic
  4228 | D:6      | Gained mutation: You are covered in thick fur. (AC +2)
                  | [Felid growth]
  4228 | D:6      | Reached XP level 6. HP: 22/24 MP: 4/11
  4232 | D:6      | Noticed Blork the orc
  4236 | D:6      | Reached skill level 1 in Evocations
  4244 | D:6      | Killed Blork the orc
  4245 | D:6      | Reached skill level 1 in Fighting
  4524 | D:6      | Reached XP level 7. HP: 16/28 MP: 9/12
  4553 | D:6      | Noticed Pikel
  4808 | D:6      | Killed Pikel
  4809 | D:6      | Reached skill level 5 in Stealth
  4851 | D:6      | Noticed Edmund
  4876 | D:5      | Entered Level 5 of the Dungeon
  4879 | D:5      | Reached XP level 8. HP: 33/33 MP: 13/13
  5128 | D:5      | Reached skill level 1 in Hexes
  5139 | D:5      | Learned a level 4 spell: Hailstorm
  5385 | D:4      | Found a transporter.
  5385 | D:4      | Noticed qborf's ghost (novice MiGl)
  5475 | D:4      | Found Xeempach's Weapon Emporium.
  5823 | D:5      | Reached skill level 1 in Conjurations
  7671 | D:6      | Slain by a wyvern skeleton
  7672 | D:6      | Reached XP level 7. HP: -2/30 MP: 14/14
  7687 | D:6      | Killed Edmund
  7688 | D:6      | Reached skill level 7 in Ice Magic
  7688 | D:6      | Reached XP level 8. HP: 32/33 MP: 4/15
  8139 | D:6      | Slain by a wyvern zombie
  8140 | D:6      | Reached XP level 7. HP: -2/30 MP: 14/14
  8140 | D:6      | Gained mutation: Your mind is acute. (Int +2) [potion of
                  | mutation]
  8140 | D:6      | Gained mutation: Your mind is very acute. (Int +4) [potion
                  | of mutation]
  8140 | D:6      | Gained mutation: Your flesh is heat resistant. (rF+)
                  | [potion of mutation]
  8140 | D:6      | Gained mutation: Your flesh is cold resistant. (rC+)
                  | [potion of mutation]
  8141 | D:6      | Lost mutation: Your flesh is heat resistant. (rF+) [potion
                  | of mutation]
  8141 | D:6      | Lost mutation: Your flesh is cold resistant. (rC+) [potion
                  | of mutation]
  8141 | D:6      | Lost mutation: Your mind is very acute. (Int +4) [potion of
                  | mutation]
  8141 | D:6      | Lost mutation: Your mind is acute. (Int +2) [potion of
                  | mutation]
  8141 | D:6      | Gained mutation: You have a pair of small antennae on your
                  | head. [potion of mutation]
  8142 | D:6      | Quit the game

Illustrated notes

Levels and vault maps discovered:
D:1:      dpeg_arrival_tiny_a, layout_loops_corners,
          ebering_ecumenical_altar_rust, minmay_heptomino_o4
D:2:      layout_basic, serial_shops, shop, serial_park_tiny_1, minmay_tripent
D:3:      layout_basic, mainiacjoe_overflow_concentric_impassable
D:4:      layout_basic, serial_shops, shop, gammafunk_ghost_arena,
          minmay_misc_feat_doors, kennysheep_generic_room_10
D:5:      layout_basic
D:6:      layout_loops_ring, hangedman_decor_points, minmay_ruined_shrine,
          uniq_blork_the_orc, uniq_edmund, uniq_pikel
D:7:      layout_gridville, minmay_temple_entry_purple_smoke,
          uniq_crazy_yiuf_cottage, uniq_menkaure

Skill      XL: |  1  2  3  4  5  6  7  8 |
---------------+-------------------------+-----
Unarmed Combat | 1 2 3 4 |  4.0
Ice Magic      | 4 6 7 |  7.2
Spellcasting   | 3 4 |  4.0
Dodging        | 3 4 |  4.0
Stealth        | 3 5 6 |  6.0
Evocations     | 1 4 |  4.0
Fighting       | 1 2 |  2.0
Hexes          | 2 |  2.0
Conjurations   | 3 2 |  3.4

Action                   |  1- 3 |  4- 6 |  7- 9 || total
-------------------------+-------+-------+-------++-------
Melee: Unarmed           |    24 |    44 |   113 ||   181
       Bite              |       |     3 |    15 ||    18
       Punch             |       |       |     1 ||     1
 Cast: Freeze            |    50 |    37 |    21 ||   108
       Frozen Ramparts   |     7 |     6 |    11 ||    24
       Ozocubu's Armour  |       |     3 |    17 ||    20
       Ensorcelled Hiber |       |     1 |     1 ||     2
Evoke: Wand              |       |     5 |     2 ||     7
  Use: Scroll            |     5 |     6 |     5 ||    16
       Potion            |       |       |     5 ||     5
 Stab: Sleeping          |    11 |     7 |     3 ||    21
       Distracted        |       |       |     1 ||     1
Armor: Skin              |     2 |     7 |    19 ||    28
Dodge: Dodged            |    50 |    63 |   105 ||   218

Table legend: (Time is in decaauts)
 A = Elapsed time spent in this place.
 B = Non-inter-level travel time spent in this place.
 C = Inter-level travel time spent in this place.
 D = Time resting spent in this place.
 E = Time spent auto-exploring this place.
 F = Levels seen in this place.
 G = Mean time per level.
                   A        B        C        D        E       F      G
               +--------+--------+--------+--------+--------+-----+--------+
         Total |   7424 |   7149 |    275 |   2193 |   3972 |   7 | 1060.6 |
       Dungeon |   7424 |   7149 |    275 |   2193 |   3972 |   7 | 1060.6 |
               +--------+--------+--------+--------+--------+-----+--------+

Top non-repeatable levels by time:
     D:5: 2015 daAuts
     D:2: 1251 daAuts
     D:1: 1202 daAuts
     D:4: 974 daAuts
     D:6: 923 daAuts
     D:7: 554 daAuts
     D:3: 501 daAuts
